 Dungeon Crawl Stone Soup version 0.29-a0-214-g17f627cfee (webtiles) character file.

Game seed: 10459608543171753256

181 sammy202020 the Slasher (level 5, -7/47 HPs)
             Began as a Minotaur Fighter on Feb 24, 2022.
             Mangled by a wyvern (13 damage)
             ... on level 3 of the Dungeon.
             The game lasted 00:12:33 (2983 turns).

sammy202020 the Slasher (Minotaur Fighter)          Turns: 2983, Time: 00:12:34

Health: -7/47      AC: 13    Str: 20    XL:     5   Next: 34%
Magic:  4/4        EV: 10    Int:  5    God:
Gold:   124        SH:  6    Dex: 12    Spells: 4/4 levels left

rFire   . . .      SeeInvis .   a - +1 long sword
rCold   . . .      Faith    .   c - +1 buckler
rNeg    . . .      Spirit   .   o - +1 plate armour
rPois   .          Reflect  .   q - +0 hat
rElec   .          Harm     .   (no cloak)
rCorr   .          Rampage  .   (no gloves)
Will    .....                   (no boots)
Stlth   ..........              (no amulet)
HPRegen 0.15/turn               j - +4 ring of evasion
MPRegen 0.09/turn               k - ring of flight

@: mighty, about to teleport, flying
A: horns 2, retaliatory headbutt
a: no special abilities


You were on level 3 of the Dungeon.
You visited 1 branch of the dungeon, and saw 4 of its levels.

You collected 124 gold pieces.

Inventory:

Hand Weapons
 a - a +1 long sword (weapon)
Armour
 b - a +0 scale mail
 c - a +1 buckler (worn)
 e - a +1 leather armour of positive energy
 o - a +1 plate armour (worn)
 q - a +0 hat (worn)
Jewellery
 j - a +4 ring of evasion (left hand)
 k - a ring of flight (right hand)
Scrolls
 s - a scroll of amnesia
Potions
 d - 2 potions of might
 h - a potion of resistance
 i - a potion of degeneration {unknown}
 l - 2 potions of flight
 m - a potion of invisibility {unknown}
 n - 2 potions of curing {unknown}
 r - a potion of heal wounds {unknown}


   Skills:
 + Level 4.3 Fighting
 + Level 4.6 Long Blades
 + Level 4.5 Armour
 * Level 1.9 Dodging
 + Level 4.2 Shields


You had 4 spell levels left.
You didn't know any spells.
Your spell library contained the following spells:

 Spells                   Type           Power      Damage    Failure   Level
 Ensorcelled Hibernation  Hex/Ice        0%         N/A       100%        2
 Passwall                 Tmut/Erth      0%         N/A       100%        2
 Swiftness                Air            0%         N/A       100%        3


Dungeon Overview and Level Annotations

Branches:
Dungeon (4/15)
 Temple: D:4-7

Altars:
Dithmenos
Fedhas
The Shining One

Shops:
D:1 [


Innate Abilities, Weirdness & Mutations

You have a pair of horns on your head.
You reflexively headbutt those who attack you in melee.


Message History

The gnoll is severely wounded.
The gnoll hits you from afar with a +0 spear.
The gnoll closely misses you. You furiously retaliate!
You headbutt the gnoll! You slash the gnoll!
You kill the gnoll!
The gnoll barely misses you. x2
You barely miss the gnoll.
The gnoll is heavily wounded.
You block the wyvern's attack. The gnoll barely misses you.
The gnoll misses you. The wyvern bites you!
The wyvern bites you but does no damage.
You block the gnoll's attack. The wyvern bites you!
Things that are here:
a +0 flail; a gnoll corpse The gnoll hits you but does no damage.
The wyvern bites you.
There is a stone staircase leading up, spattered with blood here.
The wyvern bites you but does no damage.
The gnoll hits you but does no damage. You block the gnoll's attack.
The wyvern barely misses you.
You fly upwards.
There is a stone staircase leading down here.
You feel very mighty all of a sudden. You block the gnoll's attack.
You slash the gnoll!
You kill the gnoll!
The wyvern bites you but does no damage.
You closely miss the wyvern. You headbutt the wyvern.
The wyvern is lightly wounded.
You block the wyvern's attack. The wyvern closely misses you.
You closely miss the wyvern.
The wyvern is lightly wounded.
The wyvern bites you but does no damage.
The wyvern bites you!
* * * LOW HITPOINT WARNING * * *
As you read the scroll of teleportation, it crumbles to dust.
You feel strangely unstable.
The wyvern bites you but does no damage.
The wyvern bites you!
You die...

##.#.#....#
#...#....#
##########........#
#............#.####
#............#...#
#............###.#
#..........#.# #.#
#..........#l# #.#
#..........#@# #.#
#..........### #.#
##### #..........#
#.# #...#
#..........#
#.#####.#.#
#..........#
#.......#.#
#..........#
#########.#
#..........#
#.....#.###
#..........#
#.###.#...#
##################.#
#.###.#


You could see a wyvern.

Vanquished Creatures
  4 adders
  2 gnolls
  4 river rats (D:3)
  2 worms (D:2)
  4 dart slugs
  7 ball pythons
  7 endoplasms
  5 giant cockroaches
  7 goblins
  6 hobgoblins
  4 jackals (D:2)
  5 kobolds
  7 bats
  A frilled lizard (D:1)
  9 rats
74 creatures vanquished.

Notes
Turn   | Place    | Note
-------+----------+-------------------------------------------
     0 | D:1      | sammy202020 the Minotaur Fighter began the quest for the
                  | Orb.
     0 | D:1      | Reached XP level 1. HP: 19/19 MP: 0/0
   157 | D:1      | Reached XP level 2. HP: 27/27 MP: 1/1
   788 | D:1      | Found Nyrul's Armour Shoppe.
   837 | D:1      | Reached XP level 3. HP: 33/33 MP: 2/2
  1337 | D:2      | Reached skill level 1 in Dodging
  1608 | D:2      | Reached XP level 4. HP: 40/40 MP: 3/3
  2393 | D:3      | Found a glowing golden altar of the Shining One.
  2402 | D:3      | Found a blossoming altar of Fedhas.
  2402 | D:3      | Found a shadowy altar of Dithmenos.
  2582 | D:3      | Found a faded altar of an unknown god.
  2654 | D:3      | Reached XP level 5. HP: 34/46 MP: 4/4
  2735 | D:3      | Found a glowing drain.
  2969 | D:4      | Noticed a wyvern
  2983 | D:3      | Mangled by a wyvern

Illustrated notes

Levels and vault maps discovered:
D:1:      dpeg_arrival_prison, layout_loops_ring, serial_shops,
          nicolae_shop_hallway_plus, chequers_serial_rivers_large_b,
          serial_park_tiny_pond
D:2:      layout_basic
D:3:      layout_basic, minitemple, portal_sewer_entry_e,
          hellmonk_ecumenical_altar_zigzags
D:4:      layout_cave_pools

Skill      XL: |  1  2  3  4 |
---------------+-------------+-----
Fighting       | 4 |  4.3
Armour         | 4 |  4.5
Shields        | 4 |  4.2
Long Blades    | 3 4 |  4.6
Dodging        | 1 |  1.9

Action                   |  1- 3 |  4- 6 || total
-------------------------+-------+-------++-------
Melee: Long sword        |    82 |    86 ||   168
       Headbutt          |    12 |     9 ||    21
Throw: Throwing net      |       |     1 ||     1
  Use: Scroll            |     3 |     7 ||    10
       Potion            |       |     1 ||     1
Armor: Scale mail        |    42 |     3 ||    45
       Plate armour      |       |    35 ||    35
Dodge: Dodged            |    37 |    38 ||    75
Block: Buckler           |    19 |    29 ||    48

Table legend: (Time is in decaauts)
 A = Elapsed time spent in this place.
 B = Non-inter-level travel time spent in this place.
 C = Inter-level travel time spent in this place.
 D = Time resting spent in this place.
 E = Time spent auto-exploring this place.
 F = Levels seen in this place.
 G = Mean time per level.
                   A        B        C        D        E       F      G
               +--------+--------+--------+--------+--------+-----+--------+
         Total |   3075 |   2932 |    143 |      0 |   2031 |   4 |  768.8 |
       Dungeon |   3075 |   2932 |    143 |      0 |   2031 |   4 |  768.8 |
               +--------+--------+--------+--------+--------+-----+--------+

Top non-repeatable levels by time:
     D:1: 1271 daAuts
     D:3: 904 daAuts
     D:2: 888 daAuts
     D:4: 11 daAuts
